 Dungeon Crawl Stone Soup version 0.28-a0-1147-gc7b72d3202 (webtiles) character file.

Game seed: 15978808888656283889

0 Fortus the Skirmisher (level 1, 18/18 HPs)
             Began as a Mummy Cinder Acolyte on Dec 14, 2021.
             Was an Initiate of Ignis.
             Quit the game on level 1 of the Dungeon.
             The game lasted 00:01:26 (12 turns).

Fortus the Skirmisher (Mummy Cinder Acolyte)          Turns: 12, Time: 00:01:27

Health: 18/18      AC:  9    Str: 17    XL:     1   Next: 0%
Magic:  2/2        EV: 11    Int: 13    God:    Ignis [......]
Gold:   0          SH:  0    Dex:  7    Spells: 2/2 levels left

rFire   . . .      SeeInvis .   a - -1 spear (flame)
rCold   + . .      Faith    .   (no shield)
rNeg    + + +      Spirit   .   b - +0 robe
rPois   ∞          Reflect  .   (no helmet)
rElec   .          Harm     .   (no cloak)
rCorr   .          Rampage  .   (no gloves)
Will    .....                   (no boots)
Stlth   +.........              (no amulet)
HPRegen 0.06/turn               (no ring)
MPRegen 0.08/turn               (no ring)

@: fiery-armoured
A: cold resistance 1, negative energy resistance 3, torment resistance 2, heat
vulnerability 1, no potions
a: Renounce Religion, Rising Flame


You were on level 1 of the Dungeon.
You worshipped Ignis.
Ignis was noncommittal.
You visited 1 branch of the dungeon, and saw 1 of its levels.

Inventory:

Hand Weapons
 a - a -1 spear of flaming (weapon)
Armour
 b - a +0 robe (worn)


   Skills:
 + Level 3.0 Fighting
 + Level 2.4 Polearms
 + Level 1.3 Spellcasting
 + Level 2.4 Fire Magic


You had 2 spell levels left.
You didn't know any spells.
Your spell library contained the following spells:

 Spells                   Type           Power      Damage    Failure   Level
 Scorch                   Fire           14%        2d6       16%         2


Dungeon Overview and Level Annotations

Branches:
Dungeon (1/15)

Altars:


Innate Abilities, Weirdness & Mutations

You are immune to poison.
Your flesh is cold resistant. (rC+)
You are immune to negative energy. (rN+++)
You are immune to unholy pain and torment.
You are vulnerable to heat. (rF-)
You do not drink.


Message History

You add the spell Scorch to your library.
Welcome, Fortus the Mummy Cinder Acolyte.
Will you prevail where others failed? Will you find the Orb of Zot?
The flames of Ignis gently warm you.
Press ? for a list of commands and other information.
Found a staircase leading out of the dungeon.
A protective cloak of flame settles atop you.
Okay, then.
Activating: Foxfire Swarm
Press: ? - help, Dir - look around, f - activate Flames leap up around you!
Activating: Foxfire Swarm
Press: ? - help, Dir - look around, f - activate There's no space to create foxfire here.
Your cloak of flame flares fiercely!
Your cloak of flame flares fiercely!
Your foxfire dissipates!
Your cloak of flame flares fiercely!
Your foxfire dissipates! x2
Your cloak of flame flares fiercely!
Your cloak of flame flares fiercely!
Your cloak of flame flares fiercely!
Your cloak of flame flares fiercely!
Your cloak of flame flares fiercely!
Your cloak of flame flares fiercely!
Your cloak of flame flares fiercely!
You can no longer armour yourself in flame.
You can no longer call a swarm of foxfires against your foes.
Okay, then.
Okay, then.
Are you sure you want to abandon this character and quit the game? (Confirm with "yes".)

....#
#....
#...#
#...
#..#
#..
#.##
#@#
###


There were no monsters in sight!

Vanquished Creatures (others)
  3 foxfires (D:1)
3 creatures vanquished.

Notes
Turn   | Place    | Note
-------+----------+-------------------------------------------
     0 | D:1      | Fortus the Mummy Cinder Acolyte began the quest for the
                  | Orb.
     0 | D:1      | Reached XP level 1. HP: 18/18 MP: 2/2
    12 | D:1      | Quit the game

Illustrated notes

Levels and vault maps discovered:
D:1:      minmay_arrival_pointy, layout_loops_ring,
          nicolae_ecumenical_snake_handling, chequers_jeans,
          minmay_misc_feat_tiny

Action                   || total
-------------------------++-------
Invok: Fiery Armour      ||    11
       Foxfire Swarm     ||     1

Table legend: (Time is in decaauts)
 A = Elapsed time spent in this place.
 B = Non-inter-level travel time spent in this place.
 C = Inter-level travel time spent in this place.
 D = Time resting spent in this place.
 E = Time spent auto-exploring this place.
 F = Levels seen in this place.
 G = Mean time per level.
                   A        B        C        D        E       F      G
               +--------+--------+--------+--------+--------+-----+--------+
         Total |     12 |     12 |      0 |      0 |      0 |   1 |   12.0 |
       Dungeon |     12 |     12 |      0 |      0 |      0 |   1 |   12.0 |
               +--------+--------+--------+--------+--------+-----+--------+

Top non-repeatable levels by time:
     D:1: 12 daAuts
